 Dungeon Crawl Stone Soup version 0.31.0-12-g77e489cdc1 (webtiles) character file.

Game seed: 4735428610814560128

84349 Marvel the Severer (level 15, -6/211 HPs)
             Began as a Hill Orc Berserker on Feb 26, 2024.
             Was the Champion of Trog.
             Killed from afar by Nikola (35 damage)
             ... with a bolt of lightning
             ... on level 1 of the Spider Nest.
             The game lasted 00:54:26 (24269 turns).

Marvel the Severer (Hill Orc Berserker)            Turns: 24269, Time: 00:54:26

Health: -6/211     AC: 21    Str: 31    XL:     15   Next: 80%
Magic:  15/15      EV:  9    Int: 14    God:    Trog [******]
Gold:   1752       SH: 20    Dex: 10    Spells: 14/14 levels left

rFire   . . .        Y - +9 broad axe (flame)
rCold   . . .        n - +1 tower shield
rNeg    . . .        C - +1 chain mail {rPois}
rPois   +            w - +1 hat {Int+3}
rElec   .            J - +2 cloak
rCorr   +            x - +1 pair of gloves {Stlth+}
SInv    +            f - +0 pair of boots
Will    +....        L - amulet of Xuybb {Acrobat Str+3 Int+4} Stlth
                     c - ring of see invisible
HPRegen 0.55/turn    K - ring of resist corrosion
MPRegen 0.14/turn

%: acrobat
@: berserking, studying Axes, very quick
A: no striking features
a: Renounce Religion, Berserk, Trog's Hand, Brothers in Arms


You were on level 1 of the Spider Nest.
You worshipped Trog.
Trog was exalted by your worship.
You visited 4 branches of the dungeon, and saw 21 of its levels.
You also visited: Gauntlet.

You collected 2714 gold pieces.
You spent 962 gold pieces at shops.

Inventory:

Hand Weapons
 o - the +8 broad axe "Saudacke" {flame, +Blink}
   (Trog gifted it to you on level 5 of the Lair of Beasts)

   +Blink:    It lets you blink.
 Y - a +9 broad axe of flaming (weapon)
Missiles
 g - 22 poisoned darts (quivered)
 j - 41 boomerangs
 B - 2 curare-tipped darts
 U - 10 javelins
Armour
 f - a +0 pair of boots (worn)
 n - a +1 tower shield (worn)
 w - a +1 hat of intelligence (worn)
 x - a +1 pair of gloves of stealth (worn)
 C - a +1 chain mail of poison resistance (worn)
 J - a +2 cloak (worn)
Jewellery
 c - a ring of see invisible (left hand)
 q - a ring of Emyceaf {Int+6 Slay+3}
   (You found it on level 5 of the Lair of Beasts)

   [ring of intelligence]

   Int+6:     It affects your intelligence (+6).
   Slay+3:    It affects your accuracy & damage with ranged weapons and melee
   (+3).
 u - a ring of poison resistance
 F - an amulet of reflection
 K - a ring of resist corrosion (right hand)
 L - the amulet of Xuybb (around neck) {Acrobat Str+3 Int+4}
   (You found it in a Gauntlet)

   [amulet of the acrobat]

   Acrobat:   It increases your evasion while moving and waiting.
   Str+3:     It affects your strength (+3).
   Int+4:     It affects your intelligence (+4).
 T - the ring of Tuaget {rF+ rC+ Str+3 Dex+3}
   (You took it off a minotaur in a Gauntlet)

   [ring of protection from fire]

   Str+3:     It affects your strength (+3).
   Dex+3:     It affects your dexterity (+3).
   rF+:       It protects you from fire.
   rC+:       It protects you from cold.
Wands
 v - a wand of polymorph (22)
 A - a wand of charming (14)
 E - a wand of digging (7)
 I - a wand of flame (14)
 N - a wand of roots (20)
 P - a wand of quicksilver (4)
Scrolls
 a - a scroll of enchant armour
 b - a scroll of poison
 s - 2 scrolls of identify
 t - 5 scrolls of blinking
 y - 6 scrolls of fog
 z - a scroll of brand weapon
 G - 2 scrolls of enchant weapon
 Q - 10 scrolls of teleportation
 R - 3 scrolls of fear
 S - a scroll of torment
 W - 2 scrolls of revelation
 Z - 2 scrolls of vulnerability
Potions
 d - 3 potions of cancellation
 e - 3 potions of haste
 h - 7 potions of might
 i - 8 potions of curing
 k - 2 potions of heal wounds
 l - 4 potions of mutation
 m - 4 potions of berserk rage
 r - a potion of ambrosia
 D - 2 potions of invisibility
 H - 3 potions of enlightenment
 M - 2 potions of lignification
Miscellaneous
 p - a phantom mirror


   Skills:
 + Level 15.2 Fighting
 * Level 20.8 Axes
 + Level 4.7 Throwing
 + Level 11.6 Armour
 - Level 1.5 Dodging
 + Level 3.8 Stealth
 + Level 17.2 Shields
 * Level 2.2 Evocations


You had 14 spell levels left.
You didn't know any spells.
Your spell library was empty.

Dungeon Overview and Level Annotations

Branches:
Dungeon (13/15)            Temple (0/1) D:5            Lair (5/5) D:10
  Swamp (0/4) Lair:2       Spider (1/4) Lair:2        Slime (0/5) Lair:5
    Orc (2/2) D:10            Elf (0/3) Orc:2        Vaults (0/5) D:13
Gauntlet (visited)

Altars:
Ashenzari
Cheibriados
Elyvilon
Fedhas
Gozag
Nemelex Xobeh
Qazlal
Sif Muna
Wu Jian
Xom
Yredelemnul
Zin
Lugonu

Shops:
D:4 *   D:9 *   D:12 =   Orc:2 ((:[*(

Annotations:
D:11 1 runed translucent door
D:12 Azrael
Spider:1 Nikola


Message History

Nikola mumbles some strange words.
Lightning arcs from Nikola's hands!
The bolt of lightning hits you!!!
A bolt of lightning appears from out of thin air!
The bolt of lightning hits Nikola.
You hear a skittering sound.
You hear a faint skittering sound. x6
You hear a hideous shriek!
You hear a faint skittering sound. x3
You are too injured to fight recklessly!
You are too injured to fight recklessly!
A red film seems to cover your vision as you go berserk!
You feel yourself moving faster!
You feel mighty!
Nikola hits you with a +1 rapier of electrocution.
You slash Nikola! You burn Nikola.
Nikola is moderately wounded.
You block Nikola's attack.
A tarantella comes into view.
The tarantella's many legs skitter faintly.
You slice Nikola!! You burn Nikola!
Nikola is moderately wounded.
You slash Nikola! You burn Nikola.
Nikola is heavily wounded.
A jumping spider comes into view. x2; A redback comes into view.
Nikola hits you but does no damage.
You slice Nikola!! You burn Nikola!
Nikola is severely wounded.
A redback comes into view.
You closely miss Nikola.
Nikola is severely wounded.
Nikola mumbles some strange words.
Lightning arcs from Nikola's hands!
The bolt of lightning hits you!!!!
* * * LOW HITPOINT WARNING * * *
A bolt of lightning appears from out of thin air!
The bolt of lightning hits Nikola.
The jumping spider leaps!
You hear a faint skittering sound. x5
You slice Nikola!! You burn Nikola!
Nikola is almost dead.
You slash the jumping spider! You burn the jumping spider.
You block the jumping spider's attack. The jumping spider barely misses you.
Nikola casts a spell at you. The bolt of lightning hits you!!
You die...

##..(.. ###...(...
##.#^.ss°.
######....s..#
.............# .
........#s.^^# .
.......^?(.## .
#.....@....# . .
#....s@...## ...
#....#.....# ##
....####.......##
.###^. ##...#####....#
....####^...#..##...##
#†..#..#.......###...#
...............##....#
..............##..####


You could see Nikola (poisoned), 2 jumping spiders, a tarantella and 2 redbacks.

Vanquished Creatures
  Jorgrun (D:13)
  Gastronok (Lair:1)
  An orc warlord (Orc:1)
  A minotaur (Gauntlet)
  Snorg (Orc:1)
  Josephine (D:13)
  The ghost of goupaloupa the Cleaver, a journeyman HOFi of Beogh (D:10)
  Fannar (Orc:1)
  3 hydras (Lair:5)
  A vault guard (D:13)
  Erolcha (D:12)
  A boulder beetle (D:13)
  A centaur warrior (D:13)
  An alligator (Lair:2)
  Erica (D:8)
  A catoblepas (Lair:5)
  4 two-headed ogres
  6 death yaks
  Urug (D:10)
  2 demonic crawlers
  4 orc high priests (Orc:2)
  A deep elf knight (D:13)
  2 skysharks
  Lodul (D:12)
  2 goliath frogs (Lair:5)
  An arcanist (D:13)
  2 orb spiders (Spider:1)
  Pikel (D:4)
  2 wolf spiders
  2 necromancers (D:13)
  4 orc sorcerers
  5 orc knights (Orc:1)
  2 cyclopes
  2 ugly things (D:12)
  Maurice (D:12)
  4 elephants (Lair:1)
  2 black mambas
  A gargoyle (D:13)
  3 torpor snails
  A yaktaur (D:13)
  19 cane toads
  2 kobold demonologists (D:13)
  2 rime drakes
  5 komodo dragons
  An ice devil (Gauntlet)
  15 trolls
  3 polar bears
  2 tyrant leeches (Lair:5)
  13 blink frogs
  A hornet (Lair:2)
  2 dream sheep (Lair:1)
  3 tarantellas (Spider:1)
  2 slime creatures (D:5)
  5 shadows
  6 wraiths
  5 wyverns
  50 yaks
  Eustachio (D:6)
  2 basilisks
  5 culicivoras
  18 redbacks (Spider:1)
  3 wargs
  2 steam dragons
  17 humans (D:13)
  11 vampire mosquitoes
  3 acid dragons
  2 swamp worms (Lair:1)
  8 water moccasins
  A hell hound (D:12)
  41 orc warriors
  4 black bears
  An ice beast (D:7)
  A swamp drake (Lair:5)
  4 sky beasts
  12 ogres
  15 wolves
  6 centaurs
  A phantom (D:5)
  3 lemures
  4 kobold brigands
  3 scorpions
  21 bullfrogs
  5 killer bees (D:9)
  5 electric eels
  9 howler monkeys
  3 bombardier beetles
  A hound (D:5)
  12 orc priests
  7 jellies (D:5)
  2 gnoll boudas
  3 iguanas
  20 orc wizards
  7 gnolls
  9 adders
  6 white imps
  A ribbon worm (D:3)
  2 dart slugs
  74 orcs
  7 ball pythons
  9 endoplasms
  5 giant cockroaches
  10 goblins
  11 hobgoblins
  2 jackals (D:2)
  2 quokkas
  6 bats
  3 frilled lizards
  21 kobolds
  3 rats
644 creatures vanquished.

Vanquished Creatures (others)
  An acid dragon (D:12)
  An orc wizard (Orc:2)
  An orc (Orc:2)
3 creatures vanquished.

Grand Total: 647 creatures vanquished

Notes
Turn   | Place    | Note
-------+----------+-------------------------------------------
     0 | D:1      | Marvel the Hill Orc Berserker began the quest for the Orb.
     0 | D:1      | Reached XP level 1. HP: 19/19 MP: 1/1
    94 | D:1      | Reached XP level 2. HP: 27/27 MP: 2/2
   268 | D:1      | Reached XP level 3. HP: 21/34 MP: 3/3
   270 | D:1      | Reached ** piety under Trog
   487 | D:1      | Found a faded altar of an unknown god.
   821 | D:2      | Reached skill level 5 in Axes
   969 | D:2      | Reached XP level 4. HP: 41/41 MP: 4/4
  2326 | D:4      | Found Jorcheci's Assorted Antiques.
  2356 | D:4      | Reached skill level 1 in Stealth
  2356 | D:4      | Reached XP level 5. HP: 44/47 MP: 5/5
  2364 | D:4      | Noticed an orc warrior
  2407 | D:4      | Noticed a lemure
  2437 | D:3      | Killed a lemure
  2505 | D:4      | Noticed a lemure
  2526 | D:4      | Killed a lemure
  2611 | D:4      | Reached skill level 1 in Shields
  2713 | D:4      | Noticed a lemure
  2735 | D:4      | Killed a lemure
  2739 | D:4      | Noticed Pikel
  2744 | D:4      | Noticed a lemure
  2755 | D:4      | Killed Pikel
  2756 | D:4      | Reached skill level 5 in Fighting
  2756 | D:4      | Reached skill level 7 in Axes
  2756 | D:4      | Reached skill level 1 in Throwing
  2756 | D:4      | Reached XP level 6. HP: 25/57 MP: 6/6
  2756 | D:4      | Reached XP level 7. HP: 27/62 MP: 7/7
  2967 | D:4      | Found a sparkling altar of Nemelex Xobeh.
  3067 | D:4      | Reached skill level 8 in Axes
  3248 | D:4      | Bought a blackened bronze ring for 90 gold pieces
  3248 | D:4      | Bought a scroll labelled BOTUFI OTHOULI for 18 gold pieces
  3757 | D:4      | Reached XP level 8. HP: 70/70 MP: 8/8
  3910 | D:4      | Found an ornate altar of the Wu Jian Council.
  4272 | D:5      | Entered Level 5 of the Dungeon
  4350 | D:5      | Found a staircase to the Ecumenical Temple.
  4394 | D:5      | Reached skill level 9 in Axes
  4816 | D:5      | Found an opulent altar of Gozag.
  4816 | D:5      | Found a blossoming altar of Fedhas.
  4816 | D:5      | Found a white marble altar of Elyvilon.
  4816 | D:5      | Found a blossoming altar of Fedhas.
  4816 | D:5      | Found a shimmering blue altar of Sif Muna.
  4816 | D:5      | Found a basalt altar of Yredelemnul.
  4816 | D:5      | Noticed a slime creature
  4816 | D:5      | Noticed a slime creature
  4827 | D:5      | Killed a slime creature
  4827 | D:5      | Killed a slime creature
  4827 | D:5      | Reached *** piety under Trog
  4828 | D:5      | Reached skill level 10 in Axes
  4828 | D:5      | Reached skill level 5 in Shields
  4828 | D:5      | Reached XP level 9. HP: 49/79 MP: 9/9
  5375 | D:6      | Reached skill level 11 in Axes
  5471 | D:6      | Noticed Eustachio
  5487 | D:6      | Killed Eustachio
  5898 | D:6      | Found a stormy altar of Qazlal.
  6255 | D:6      | Reached skill level 12 in Axes
  6447 | D:6      | Found a snail-covered altar of Cheibriados.
  6779 | D:4      | Bought a lumpy zirconium amulet for 90 gold pieces
  7056 | D:7      | Reached XP level 10. HP: 58/90 MP: 10/10
  7468 | D:7      | Reached **** piety under Trog
  7469 | D:7      | Reached skill level 13 in Axes
  8288 | D:8      | Noticed Erica
  8550 | D:8      | Killed Erica
  8728 | D:8      | Found a broken altar of Ashenzari.
  9134 | D:9      | Reached XP level 11. HP: 99/99 MP: 11/11
  9239 | D:9      | Found Xuizitep's Assorted Antiques.
  9288 | D:9      | Bought a bubbling pink potion for 27 gold pieces
  9288 | D:9      | Bought a scroll of teleportation for 93 gold pieces
  9302 | D:9      | Noticed a two-headed ogre
  9314 | D:9      | Killed a two-headed ogre
  9315 | D:9      | Reached skill level 10 in Fighting
  9315 | D:9      | Reached skill level 14 in Axes
  9688 | D:9      | Reached skill level 10 in Shields
  9820 | D:9      | Reached skill level 5 in Armour
 10272 | D:10     | Entered Level 10 of the Dungeon
 10282 | D:10     | Found a runed translucent door.
 10283 | D:10     | Noticed goupaloupa's ghost (journeyman HOFi)
 10301 | D:10     | Killed goupaloupa's ghost
 10343 | D:10     | Found a glowing silver altar of Zin.
 10531 | D:10     | Reached ***** piety under Trog
 10723 | D:10     | Found a staircase to the Lair.
 10779 | D:10     | Noticed a two-headed ogre
 10794 | D:10     | Killed a two-headed ogre
 11325 | D:10     | Found a staircase to the Orcish Mines.
 11514 | D:11     | Reached XP level 12. HP: 86/110 MP: 12/12
 11626 | D:11     | Noticed Urug
 11831 | D:10     | Killed Urug
 12326 | D:11     | Found a runed translucent door.
 12326 | D:11     | Noticed an ettin
 12329 | D:11     | Identified the amulet of Neystra {Will+ Regen+ Str+3 Int+3
                  | SInv}
 12329 | D:11     | Noticed an ogre mage
 12791 | D:12     | Noticed Erolcha
 12810 | D:12     | Killed Erolcha
 13030 | D:12     | Found Fior Mee's Jewellery Shop.
 13120 | D:12     | Noticed Maurice
 13135 | D:12     | Maurice stole a +1 hand axe of freezing
 13146 | D:12     | Killed Maurice
 13237 | D:12     | Noticed Lodul
 13251 | D:12     | Killed Lodul
 13584 | D:12     | Reached skill level 15 in Axes
 13759 | D:12     | Identified the +7 hand axe "Poivyria" {freeze, Str+5}
 14082 | D:12     | Noticed Azrael
 14157 | D:13     | Received a gift from Trog
 14471 | D:13     | Noticed a boulder beetle
 14494 | D:13     | Killed a boulder beetle
 14495 | D:13     | Reached XP level 13. HP: 118/118 MP: 13/13
 14748 | D:13     | Found a gate to the Vaults.
 14748 | D:13     | Noticed a vault guard
 14760 | D:13     | Killed a vault guard
 15239 | D:13     | Found a corrupted altar of Lugonu.
 15481 | D:13     | Noticed Jorgrun
 15497 | D:13     | Killed Jorgrun
 15599 | D:13     | Identified the +2 leather armour "Oseahen" {Harm rF+}
 15634 | D:13     | Noticed Josephine
 15646 | D:13     | Killed Josephine
 15999 | Orc:1    | Entered Level 1 of the Orcish Mines
 16024 | Orc:1    | Noticed Fannar
 16041 | Orc:1    | Killed Fannar
 16095 | Orc:1    | Found a shimmering altar of Xom.
 16207 | Orc:2    | Entered Level 2 of the Orcish Mines
 16207 | Orc:2    | Found Vakeb's General Store.
 16229 | Orc:2    | Noticed Snorg
 16247 | Orc:1    | Killed Snorg
 16262 | Orc:2    | Found Jeec's Weapon Emporium.
 16285 | Orc:2    | Found a staircase to the Elven Halls.
 16390 | Orc:1    | Reached skill level 10 in Armour
 16503 | Orc:1    | Reached skill level 16 in Axes
 16510 | Orc:1    | Reached XP level 14. HP: 11/129 MP: 14/14
 16511 | Orc:1    | Received a gift from Trog
 17345 | Orc:2    | Noticed an orc warlord
 17365 | Orc:1    | Reached skill level 15 in Shields
 17371 | Orc:1    | Killed an orc warlord
 17839 | Orc:2    | Bought a scroll of teleportation for 39 gold pieces
 17839 | Orc:2    | Bought a potion of curing for 39 gold pieces
 17911 | Orc:2    | Found Odghec's Antique Weapon Boutique.
 17920 | Orc:2    | Bought a jewelled executioner's axe for 405 gold pieces
 17920 | Orc:2    | Identified the +4 executioner's axe of Otimibud {spect, Fly
                  | Will- Str+4 Int+2} (You bought it in a shop on level 2 of
                  | the Orcish Mines)
 17928 | Orc:2    | Found Pauciem's Book Emporium.
 17953 | Orc:2    | Found Saaz's Weapon Shoppe.
 18097 | Orc:2    | Found Neehul's Antique Armour Boutique.
 18203 | Orc:2    | Bought a glowing hat for 161 gold pieces
 18454 | Lair:1   | Entered Level 1 of the Lair of Beasts
 18454 | Lair:1   | Noticed Gastronok
 18474 | Lair:1   | Killed Gastronok
 19296 | Lair:1   | Identified a scroll of acquirement
 19296 | Lair:1   | Acquired a manual of Axes
 19733 | Lair:2   | Found a staircase to the Swamp.
 19916 | Lair:2   | Reached skill level 17 in Axes
 20043 | Lair:2   | Found a hole to the Spider Nest.
 20094 | Lair:2   | Received a gift from Trog
 20142 | Lair:2   | Identified the +0 robe of Idealism {rF+ Archmagi}
 20947 | Lair:3   | Reached XP level 15. HP: 124/139 MP: 15/15
 20949 | Lair:3   | Reached skill level 18 in Axes
 21688 | Lair:4   | Found a gate leading to a gauntlet.
 21696 | Gauntlet | Entered a Gauntlet
 21696 | Gauntlet | Found a transporter.
 21706 | Gauntlet | Found a transporter.
 21728 | Gauntlet | Found a transporter.
 21742 | Gauntlet | Found a transporter.
 21747 | Gauntlet | Found a transporter.
 21768 | Gauntlet | Found a transporter.
 21781 | Gauntlet | Found a transporter.
 21793 | Gauntlet | Found a transporter.
 21805 | Gauntlet | Found a transporter.
 21819 | Gauntlet | Found a transporter.
 21835 | Gauntlet | Found a transporter.
 21836 | Gauntlet | Found the +3 pair of seven-league boots {Rampage+∞}
 21848 | Gauntlet | Found a transporter.
 21848 | Gauntlet | Found a transporter.
 22048 | Gauntlet | Found a transporter.
 22054 | Gauntlet | Found a transporter.
 22056 | Gauntlet | Found a transporter.
 22081 | Gauntlet | Reached skill level 19 in Axes
 22088 | Gauntlet | Found a transporter.
 22092 | Gauntlet | Found a transporter.
 22175 | Gauntlet | Identified the ring "Ameejucs" {*Slow rF+ rC+ Dex+6}
 22239 | Gauntlet | Identified the amulet of Xuybb {Acrobat Str+3 Int+4}
 22256 | Gauntlet | Identified the ring of Tuaget {rF+ rC+ Str+3 Dex+3}
 22471 | Lair:4   | Identified the +0 leather armour of the Skiapode {Harm +Inv
                  | Dex+2}
 22911 | Lair:5   | Entered Level 5 of the Lair of Beasts
 22938 | Lair:5   | Found a staircase to the Slime Pits.
 23028 | Lair:5   | Identified the +8 broad axe "Saudacke" {flame, +Blink}
                  | (Trog gifted it to you on level 5 of the Lair of Beasts)
 23028 | Lair:5   | Received a gift from Trog
 23043 | Lair:5   | Reached ****** piety under Trog
 23141 | Lair:5   | Reached skill level 20 in Axes
 23146 | Lair:5   | Reached skill level 15 in Fighting
 23157 | Lair:5   | Reached skill level 1 in Evocations
 23621 | Lair:5   | Identified a ring of Emyceaf {Int+6 Slay+3}
 23625 | Lair:5   | Identified the +2 morningstar "Tethri" {flame, rElec rC+++
                  | rN+ Dex-2}
 24116 | Spider:1 | Entered Level 1 of the Spider Nest
 24253 | Spider:1 | Noticed Nikola
 24269 | Spider:1 | Killed from afar by Nikola

Illustrated notes

Levels and vault maps discovered:
D:1:      amcnicky_arrival_single_pillar, layout_rooms,
          shapermc_ecumenical_altar_pompeii, minmay_heptomino_w4
D:2:      layout_basic
D:3:      layout_loops_ring
D:4:      layout_basic, mainiacjoe_overflow_small_starburst,
          nicolae_overflow_hidden_temple, serial_shops, shop,
          guppyfry_early_orc_mine, uniq_pikel
D:5:      cheibrodos_fertilizer, layout_loops_cross,
          minmay_temple_entry_overgrown
D:6:      layout_layer_cave, grunt_qazlal_clouds, mainiacjoe_overflow_alcove_1,
          uniq_eustachio
D:7:      minmay_recursive_quarters, layout_cave_pods, minmay_statues_item
D:8:      layout_basic, mainiacjoe_overflow_catwalk, uniq_erica
D:9:      layout_gridville, serial_shops, shop
D:10:     layout_loops_ring, mainiacjoe_overflow_24_doors, david_orc_4,
          ebering_ghost_reflecting_pool
D:11:     lemuel_troll_bridge, layout_rooms, enter_trove_5, minmay_st_funbox,
          uniq_urug
D:12:     layout_basic, serial_shops, shop, uniq_lodul, uniq_maurice,
          uniq_erolcha, uniq_azrael
D:13:     kennysheep_kobold_lugonu_temple, layout_grid_maze,
          grunt_vaults_entry_tiered, uniq_josephine, uniq_jorgrun
Lair:1:   layout_regular_city, worms_lemuel, grunt_megastairs_1,
          infiniplex_staircase_pool, uniq_gastronok
Lair:2:   layout_roguey, mainiacjoe_swamp_entry_lozenge_pond,
          spider_nest_entry_rubble
Lair:3:   layout_misc_corridors, serial_bayou_shore_a
Lair:4:   layout_cellular_growth, gauntlet_entry_generic,
          grunt_forest_small_clearings, grunt_megastairs_5, lemuel_fruit_tree
Lair:5:   minmay_lair_end_frog_pond, layout_gridlike, slime_entry_1,
          nicolae_volcano_entry_s_turn, guppyfry_lair_drakes,
          lemuel_fruit_fields
Spider:1: layout_spider_delve, drop_trap, uniq_nikola
Orc:1:    cheibrodos_orc_bank, layout_caves, basic_altar, uniq_fannar
Orc:2:    grunt_orc_gardens, layout_caves, grunt_orc_garden, grunt_orc_garden,
          grunt_orc_garden, grunt_orc_garden, serial_shops,
          nicolae_shop_tiny_waterfront, nicolae_shop_rolling_square,
          mines2_lemuel, uniq_snorg

Skill      XL: |  1  2  3  4  5  6  7  8  9 10 11 12 13 14 15 |
---------------+----------------------------------------------+-----
Fighting       | 4 5 6 7 8 9 11 12 13 14 15 | 15.2
Axes           | 5 7 8 10 12 13 14 15 16 17 20 | 20.8
Stealth        | 1 2 3 |  3.8
Shields        | 3 5 6 8 10 12 14 16 17 | 17.2
Throwing       | 1 2 3 4 |  4.7
Armour         | 3 6 8 10 11 | 11.6
Evocations     | 2 |  2.2
Dodging        | |  1.5

Action                     |  1- 3 |  4- 6 |  7- 9 | 10-12 | 13-15 || total
---------------------------+-------+-------+-------+-------+-------++-------
  Melee: Hand axe          |   103 |     3 |   148 |   746 |   685 ||  1685
         Punch             |     1 |       |       |       |       ||     1
         War axe           |       |    90 |    90 |       |       ||   180
         Broad axe         |       |       |       |       |   369 ||   369
  Throw: Dart              |       |    14 |       |    45 |    42 ||   101
 Invoke: Trog's Hand       |       |     2 |       |     3 |     1 ||     6
         Berserk           |       |     1 |     4 |     7 |     6 ||    18
         Brothers in Arms  |       |       |       |       |     1 ||     1
    Use: Scroll            |       |    12 |     4 |     3 |    13 ||    32
         Potion            |       |       |     3 |     1 |       ||     4
 Armour: Animal skin       |    59 |    60 |    95 |     7 |       ||   221
         Chain mail        |       |       |       |   242 |   357 ||   599
  Dodge: Dodged            |    55 |    44 |    38 |    67 |   129 ||   333
  Block: Tower shield      |    11 |    65 |   139 |   583 |  1007 ||  1805
         Reflection        |       |       |       |    19 |    25 ||    44
